 Dungeon Crawl Stone Soup version 0.27.1-1-g398f81649c (webtiles) character file.

Game seed: 18430655262583493095

56 szrap the Skirmisher (level 3, 0/33 HPs)
             Began as a Hill Orc Abyssal Knight on Sept 9, 2021.
             Was a Follower of Lugonu.
             Slain by Terence (8 damage)
             ... on level 1 of the Dungeon.
             The game lasted 00:03:36 (1799 turns).

szrap the Skirmisher (Hill Orc Abyssal Knight)      Turns: 1799, Time: 00:03:36

Health: 0/33       AC:  5    Str: 15    XL:     3   Next: 95%
Magic:  5/5        EV: 10    Int: 12    God:    Lugonu [*.....]
Gold:   90         SH:  0    Dex: 10    Spells: 2/2 levels left

rFire    . . .     SeeInvis .   a - +1 hand axe
rCold    . . .     Faith    .   (no shield)
rNeg     . . .     Spirit   .   e - +0 ring mail
rPois    .         Reflect  .   (no helmet)
rElec    .         Harm     .   (no cloak)
rCorr    +         Rampage  .   (no gloves)
Will     .....                  (no boots)
Stlth    ..........             (no amulet)
HPRegen  0.11/turn              c - ring of resist corrosion
MPRegen  0.09/turn              (no ring)

@: no status effects
A: no striking features
a: Renounce Religion, Depart the Abyss


You were on level 1 of the Dungeon.
You worshipped Lugonu.
Lugonu was aware of your devotion.
You visited 1 branch of the dungeon, and saw 2 of its levels.
You visited the Abyss 1 time.

You collected 90 gold pieces.

Inventory:

Hand Weapons
 a - a +1 hand axe (weapon)
Missiles
 g - 3 boomerangs
Armour
 e - a +0 ring mail (worn)
Jewellery
 c - a ring of resist corrosion (left hand)
Scrolls
 d - a scroll of identify
Potions
 b - a potion of invisibility
 f - a potion of brilliance {unknown}


   Skills:
 + Level 4.2 Fighting
 * Level 3.6 Axes
 * Level 2.9 Armour
 * Level 1.3 Dodging
 * Level 2.8 Invocations


You had 2 spell levels left.
You didn't know any spells.
Your spell library was empty.

Dungeon Overview and Level Annotations

Branches:
Dungeon (2/15)

Altars:

Annotations:
D:1 Terence
D:2 Jessica


Message History

Terence hits you with a +0 falchion!
Terence screams, "I'm going to kill you!"
Found a metallic silvery potion.
Jessica shouts!
Jessica gestures wildly while chanting.
Jessica seems to speed up.
Jessica shouts, "Stop bothering me, or I'll kill you!"
Jessica looks very angry.
The rat twitches its whiskers.
You see here a +0 leather armour.
Jessica casts a spell.
Jessica blinks!
Jessica points at you and mumbles some strange words.
Pain shoots through your body! Jessica hits you with a +0 club.
You see here a +1 dagger of venom.
There is a stone staircase leading up here.
You climb upwards.
There is a stone staircase leading down here.
You are too injured to fight recklessly!
You are too injured to fight recklessly!
You are too injured to fight recklessly!
You barely miss Terence.
Terence is heavily wounded.
Terence closely misses you.
You hit Terence but do no damage.
Terence is heavily wounded.
Terence hits you with a +0 falchion.
You hit Terence but do no damage.
Terence is heavily wounded.
Terence closely misses you.
You hit Terence but do no damage.
Terence is heavily wounded.
Terence hits you with a +0 falchion.
* * * LOW HITPOINT WARNING * * *
Terence misses you.
You hit Terence but do no damage.
Terence is heavily wounded.
Terence hits you with a +0 falchion!
You die...

#..#...##..#.###########....#
#..#...###.#.# ######. #..#...#
#...# ######...... #......# #...#
#.......##.[ #.####.###...###
#.......##.. #####.# #...#.....#
#.......##.. ......######.##..#.#
#.......##..
#............##@.#.###)......##..
#.##......#.....@#.#.........##..
#..+......#.###..#....รท......##..
#..#...).)#......###..#########..
#..#..#+#.....#..# #..# #......
#..#....#.###.##.# #..#####......
...##.###.# #.##.# #......#.....#
##......#.###.##.# ##...........#
......#.#.....##.# #...........#
.#.........#####.####...........#


You could see Terence.

Vanquished Creatures
  A gnoll (D:1)
  A worm (D:2)
  A dart slug (D:1)
  2 ball pythons (D:1)
  2 bats (D:1)
  An endoplasm (D:1)
  A giant cockroach (D:2)
  9 goblins
  A hobgoblin (D:1)
  7 jackals (D:1)
  2 quokkas (D:1)
  5 kobolds
  4 rats (D:1)
37 creatures vanquished.

Notes
Turn   | Place    | Note
-------+----------+-------------------------------------------
     0 | Abyss:1  | szrap the Hill Orc Abyssal Knight began the quest for the
                  | Orb.
     0 | Abyss:1  | Reached XP level 1. HP: 19/19 MP: 2/2
     1 | D:1      | Escaped the Abyss
   130 | D:1      | Reached XP level 2. HP: 27/27 MP: 3/3
   181 | D:1      | Reached skill level 1 in Dodging
   190 | D:1      | Found a faded altar of an unknown god.
   211 | D:1      | Reached * piety under Lugonu
   257 | D:1      | Reached skill level 4 in Fighting
   437 | D:1      | Reached XP level 3. HP: 25/33 MP: 3/5
  1185 | D:2      | Noticed Jessica
  1756 | D:2      | Noticed Terence
  1799 | D:1      | Slain by Terence

Illustrated notes

Levels and vault maps discovered:
D:1:      lightli_arrival_boilingwater, layout_basic,
          hellmonk_ecumenical_altar_zigzags
D:2:      layout_rooms, corexii_corridor_pit, grunt_decor_one_mirror,
          uniq_terence, uniq_jessica

Skill      XL: |  1  2 |
---------------+-------+-----
Axes           | 3 |  3.6
Dodging        | 1 |  1.3
Fighting       | 4 |  4.2
Armour         | |  2.9
Invocations    | |  2.8

Action                   || total
-------------------------++-------
Melee: Hand axe          ||   134
Invok: Depart the Abyss  ||     1
  Use: Scroll            ||     2
Armor: Leather armour    ||    16
       Ring mail         ||    31
Dodge: Dodged            ||    66
